 Dungeon Crawl Stone Soup version 0.30.0-16-gbe6223bb7e (webtiles) character file.

Game seed: 6242363400124950263

438 croobank the Firebug (level 6, -13/50 HPs)
             Began as a Demonspawn Fire Elementalist on May 20, 2023.
             Was a Plaything of Xom.
             Mangled by a red devil
             ... wielding a +0 trident
             ... summoned by Xom
              (14 damage)
             ... on level 4 of the Dungeon.
             The game lasted 00:16:49 (4203 turns).

croobank the Firebug (Demonspawn Fire Elementalist) Turns: 4203, Time: 00:16:50

Health: -13/50     AC:  7    Str:  8    XL:     6   Next: 69%
Magic:  1/10       EV: 13    Int: 24    God:    Xom [.....*]
Gold:   195        SH:  0    Dex: 14    Spells: 5/11 levels left

rFire   + . .        a - +1 dagger (speed)
rCold   + . .        (no shield)
rNeg    . . .        j - +0 robe
rPois   .            i - +2 helmet
rElec   .            (no cloak)
rCorr   .            (no gloves)
SInv    +            (no boots)
Will    .....        (no amulet)
Stlth   ++           r - ring of protection from fire
HPRegen 0.28/turn    v - +6 ring of intelligence
MPRegen 0.12/turn

%: no passive effects
@: mighty, spiked
A: rugged brown scales 2, see invisible, cold resistance 1, robust 1
a: Renounce Religion


You were on level 4 of the Dungeon.
You worshipped Xom.
You were Xom's teddy bear.
You visited 1 branch of the dungeon, and saw 5 of its levels.
You also visited: Sewer.

You collected 195 gold pieces.

Inventory:

Hand Weapons
 a - a +1 dagger of speed (weapon)
 g - a +0 broad axe of protection
 k - a +0 sling
 l - a +0 heavy war axe
Armour
 i - a +2 helmet (worn)
 j - a +0 robe (worn)
Jewellery
 f - a ring of magical power
 r - a ring of protection from fire (left hand)
 v - a +6 ring of intelligence (right hand)
Scrolls
 n - a scroll of immolation
 p - a scroll of enchant armour
 s - a scroll of amnesia
Potions
 c - 2 potions of curing
 d - a potion of attraction
 e - 2 potions of might
 h - a potion of lignification {unknown}
 m - a potion of mutation {unknown}
 o - 3 potions of haste {unknown}
 q - 2 potions of degeneration {unknown}
 t - a potion of ambrosia {unknown}


   Skills:
 + Level 2.0 Fighting
 + Level 3.0 Dodging
 + Level 3.2 Stealth
 + Level 3.0 Spellcasting
 + Level 2.7 Conjurations
 + Level 2.1 Hexes
 + Level 3.6 Fire Magic


You had 5 spell levels left.
You knew the following spells:

 Your Spells              Type           Power      Damage    Failure   Level
a - Foxfire               Conj/Fire      72%        2x1d7     3%          1
b - Scorch                Fire           40%        2d7       3%          2
c - Inner Flame           Hex/Fire       17%        N/A       10%         3

Your spell library contained the following spells:

 Spells                   Type           Power      Damage    Failure   Level
 Apportation              Tloc           6%         N/A       11%         1
 Necrotise                Necr           12%        1d4       11%         1
 Summon Small Mammal      Summ           12%        N/A       11%         1
 Volatile Blastmotes      Fire/Tloc      24%        2d12      16%         3
 Flame Wave               Conj/Fire      18%        2d7       28%         4


Dungeon Overview and Level Annotations

Branches:
Dungeon (5/15)             Temple (0/1) D:4           Sewer (visited)

Altars:
Xom


Innate Abilities, Weirdness & Mutations

You are mostly covered in rugged brown scales. (AC +2, +5% HP)
You have supernaturally acute eyesight. (SInv)
Your flesh is cold resistant. (rC+)
You are robust. (+10% HP)


Message History

You feel much better.
The hellwing hits you but does no damage.
The hellwing hits you.
The chaos spawn hits you but does no damage.
The red devil closely misses you. The shadow imp gestures at you.
Pain shoots through your body!
Casting: Scorch (safe; 3% risk of failure)
Confirm with . or Enter, or press ? or * to list all spells.
You don't have enough magic to cast this spell.
Okay, then.
You hit the chaos spawn.
The chaos spawn is severely wounded.
You barely miss the chaos spawn.
The chaos spawn is severely wounded.
The hellwing hits you! The hellwing closely misses you.
The chaos spawn misses you. The red devil misses you.
The shadow imp completely misses you.
You hit the chaos spawn.
The chaos spawn is severely wounded.
You closely miss the chaos spawn.
The chaos spawn is severely wounded.
The hellwing barely misses you. The hellwing hits you.
The chaos spawn hits you but does no damage.
The red devil hits you with a +0 trident!!
* * * LOW HITPOINT WARNING * * *
Barbed spikes become lodged in your body.
The shadow imp puffs mist at you.
The shadow imp hits you but does no damage.
You feel better.
The hellwing hits you but does no damage.
The hellwing hits you.
* * * LOW HITPOINT WARNING * * *
The chaos spawn hits you.
* * * LOW HITPOINT WARNING * * *
The chaos spawn shocks you!
* * * LOW HITPOINT WARNING * * *
The red devil hits you with a +0 trident!
You die...
Xom giggles madly!

##.....................
#.....................
##.............)[[.....
#...............)......
##.............#####.###
#.............## #...#
#............## ##....
##...........## ##.....
#.......@5....#####....##
#......444............##
#.....................###
##......................#
#<......................
##......(.######........
#......### ###......
##...#..# #......
##.####..# #......


You could see a hellwing (summoned), a chaos spawn (summoned), a red devil
(summoned) and a shadow imp (summoned).

Vanquished Creatures
  Edmund (D:4)
  2 scorpions (D:4)
  An iguana (D:4)
  2 orc wizards (D:4)
  A hell rat (Sewer)
  2 adders
  A river rat (D:4)
  4 worms
  3 dart slugs
  8 orcs
  7 bats
  9 endoplasms
  5 giant cockroaches
  8 goblins
  6 hobgoblins
  A quokka (D:1)
  8 ball pythons
  5 frilled lizards
  3 kobolds
  13 rats
90 creatures vanquished.

Vanquished Creatures (collateral kills)
  5 foxfires (D:1)
5 creatures vanquished.

Vanquished Creatures (others)
  A giant cockroach (D:4)
  A ball python (D:4)
  126 foxfires
128 creatures vanquished.

Grand Total: 223 creatures vanquished

Notes
Turn   | Place    | Note
-------+----------+-------------------------------------------
     0 | D:1      | croobank the Demonspawn Fire Elementalist began the quest
                  | for the Orb.
     0 | D:1      | Reached XP level 1. HP: 13/13 MP: 3/3
   100 | D:1      | Found a faded altar of an unknown god.
   104 | D:1      | Prayed at the altar of an unknown god.
   104 | D:1      | Became a worshipper of Xom of Chaos
   157 | D:1      | Gained mutation: You are partially covered in rugged brown
                  | scales. (AC +1, +3% HP) [demonic ancestry]
   157 | D:1      | Reached XP level 2. HP: 13/19 MP: 1/5
   186 | D:1      | XOM: silly message
   312 | D:1      | XOM: fog
   417 | D:1      | XOM: cloud trail
   647 | D:1      | XOM: smoke on damage
   661 | D:1      | Learned a level 2 spell: Scorch
   903 | D:2      | XOM: swap monsters
  1052 | D:2      | Reached XP level 3. HP: 24/24 MP: 4/6
  1056 | D:2      | Learned a level 3 spell: Inner Flame
  1224 | D:2      | XOM: 9-stop teleportation journey
  1449 | D:2      | XOM: give mutation
  1449 | D:2      | Gained mutation: You are robust. (+10% HP) [Xom's mischief]
  1784 | D:3      | XOM: 6-stop teleportation journey
  2172 | D:3      | Gained mutation: You are mostly covered in rugged brown
                  | scales. (AC +2, +5% HP) [demonic ancestry]
  2172 | D:3      | Reached XP level 4. HP: 6/35 MP: 0/7
  2361 | D:3      | XOM: noise
  2564 | D:3      | XOM: summons 2 hostile demons
  2637 | D:3      | XOM: noise
  2707 | D:3      | XOM: give mutation
  2707 | D:3      | Gained mutation: Your flesh is cold resistant. (rC+) [Xom's
                  | grace]
  2959 | D:4      | Noticed a scorpion
  2966 | D:4      | Killed a scorpion
  2967 | D:4      | Reached skill level 1 in Fighting
  2967 | D:4      | Reached skill level 1 in Hexes
  2967 | D:4      | Reached XP level 5. HP: 27/42 MP: 8/8
  2967 | D:4      | XOM: give mutation
  2967 | D:4      | Gained mutation: You have supernaturally acute eyesight.
                  | (SInv) [Xom's grace]
  3212 | D:4      | XOM: cloud trail
  3429 | D:4      | XOM: fake destruction
  3434 | D:4      | Reached XP level 6. HP: 50/50 MP: 10/10
  3445 | D:4      | Found a staircase to the Ecumenical Temple.
  3503 | D:4      | Noticed Edmund
  3506 | D:4      | Found a glowing drain.
  3517 | D:4      | XOM: divine lightning
  3517 | D:4      | Killed Edmund
  3533 | D:4      | XOM: 3-stop teleportation journey
  3588 | Sewer    | Entered a sewer
  3646 | Sewer    | XOM: 5-stop teleportation journey
  3913 | D:4      | XOM: cloud trail
  3985 | D:4      | XOM: god gift: metallic puce potion {god gift}
  4179 | D:5      | Entered Level 5 of the Dungeon
  4181 | D:5      | XOM: smoke on damage
  4186 | D:4      | XOM: summons 4 hostile demons
  4187 | D:4      | Noticed a hellwing
  4187 | D:4      | Noticed a red devil
  4187 | D:4      | Noticed a chaos spawn
  4203 | D:4      | HP: 1/50 [chaos spawn[Xom] (7)]
  4203 | D:4      | Mangled by a red devil

Illustrated notes

Levels and vault maps discovered:
D:1:      roderic_crop_circles_arrival_small, layout_basic,
          hellmonk_ecumenical_altar_heavens_door, serial_bayou_pond_c
D:2:      layout_loops_ring
D:3:      layout_loops_ring, minmay_cupped
D:4:      layout_layer_cave, minmay_temple_entry_ruins, portal_sewer_entry_a,
          abandoned_shop, uniq_edmund
D:5:      layout_loops_corners, serial_shops, nicolae_shop_drivethru,
          grunt_ministairs_1

Skill      XL: |  1  2  3  4  5  6 |
---------------+-------------------+-----
Stealth        | 2 3 |  3.2
Dodging        | 2 3 |  3.0
Fire Magic     | 3 |  3.6
Fighting       | 1 2 |  2.0
Conjurations   | 2 |  2.7
Hexes          | 1 2 |  2.1
Spellcasting   | 3 |  3.0

Action                     |  1- 3 |  4- 6 || total
---------------------------+-------+-------++-------
  Melee: Unarmed           |     5 |       ||     5
         Dagger            |    37 |    50 ||    87
         Punch             |     1 |     1 ||     2
   Cast: Foxfire           |    40 |    40 ||    80
         Scorch            |    14 |    32 ||    46
    Use: Potion            |     1 |     6 ||     7
         Scroll            |       |    13 ||    13
   Stab: Sleeping          |     7 |     3 ||    10
 Armour: Robe              |    12 |    28 ||    40
  Dodge: Dodged            |    31 |    61 ||    92
